 Dungeon Crawl Stone Soup version 0.19.1 (webtiles) character file.

187092 kae the Black Belt (level 17, 0/137 HPs)
             Began as a Demonspawn Monk on Dec 17, 2016.
             Was the Champion of Okawaru.
             Killed from afar by Kite's ghost (28 damage)
             ... with a stone arrow
             ... on level 2 of the Swamp.
             The game lasted 01:04:03 (44121 turns).

kae the Black Belt (Demonspawn Monk)               Turns: 44121, Time: 01:04:04

Health: 0/137      AC: 14    Str: 12    XL:     17   Next: 86%
Magic:  26/28      EV: 26    Int: 18    God:    Okawaru [******]
Gold:   1193       SH:  6    Dex: 32    Spells: 2 memorised, 24 levels left

rFire  . . .     SeeInvis +       - Unarmed
rCold  . . .     Gourm    .     p - +1 leather armour "Tofellu" {+Fly rPois MR- Int+5} (curse)
rNeg   . . .     Faith    .     (shield currently unavailable)
rPois  +         Spirit   .     (helmet unavailable)
rElec  .         Reflect  +     V - +2 cloak {MR+}
rCorr  +         Harm     .     (gloves currently unavailable)
MR     +....                    y - +2 pair of boots {Fly}
Stlth  ++++......               c - amulet "Vaduate" {Reflect rC+ MR- Dex+6 SH+6}
                                h - ring of protection from magic
                                v - ring "Ideprihy" {+Blink rC- Dex+5 SInv Stlth+}

@: blade hands, flying, very slightly contaminated
A: horns 3, yellow scales 3, demonic guardian 2, powered by death 1,
augmentation 1
a: End Transformation, Heroism, Finesse, Renounce Religion, Evoke Blink, Stop
Flying


You were on level 2 of the Swamp.
You worshipped Okawaru.
Okawaru was exalted by your worship.
You were not hungry.
You had blades for hands.
You visited 7 branches of the dungeon, and saw 30 of its levels.
You also visited: Ice Cave.

You collected 3032 gold pieces.
You spent 1839 gold pieces at shops.

Inventory:

Armour
 m - the +0 cloak of Undesirable Species {+Fly rF++ rC+ Dex-4}
   (Okawaru gifted it to you on level 1 of the Elven Halls)

   It affects your dexterity (-4).
   It greatly protects you from fire.
   It protects you from cold.
   It lets you fly.
 p - the cursed +1 leather armour "Tofellu" (worn) {+Fly rPois MR- Int+5}
   (You bought it in a shop on level 2 of the Orcish Mines)

   It affects your intelligence (+5).
   It protects you from poison.
   It affects your resistance to hostile enchantments.
   It lets you fly.
   It has a curse placed upon it.
 y - a +2 pair of boots of flying (worn)
 G - a +2 pair of gloves of dexterity (melded)
 H - the +0 pair of gloves of New Discoveries {+Blink}
   (You acquired it on level 2 of the Swamp)

   It lets you blink.
 P - the +1 scale mail of the Dungeon {rN+ MR+}
   (Okawaru gifted it to you on level 10 of the Dungeon)

   It protects you from negative energy.
   It affects your resistance to hostile enchantments.
 V - a +2 cloak of magic resistance (worn)
Jewellery
 c - the amulet "Vaduate" (around neck) {Reflect rC+ MR- Dex+6 SH+6}
   (You bought it in a shop on level 2 of the Orcish Mines)

   [amulet of reflection]

   It shields you and reflects attacks.
   It affects your dexterity (+6).
   It protects you from cold.
   It affects your resistance to hostile enchantments.
   It affects your SH (+6).
 h - a ring of protection from magic (right scythe-like blade)
 v - the ring "Ideprihy" (left scythe-like blade) {+Blink rC- Dex+5 SInv Stlth+}
   (You found it in an ice cave)

   [ring of stealth]

   It affects your dexterity (+5).
   It makes you vulnerable to cold.
   It lets you see invisible.
   It lets you blink.
   It makes you more stealthy.
Wands
 l - a wand of lightning (3/15)
 C - a wand of confusion (25/48)
 D - a wand of confusion (25/48)
 J - a wand of iceblast (5/15)
 Q - a wand of teleportation (2/9)
 T - a wand of teleportation (7/9)
Scrolls
 n - 2 scrolls of enchant weapon
 q - 10 scrolls of remove curse
 s - 11 scrolls of teleportation
 t - 3 scrolls of identify
 B - a scroll of magic mapping
 E - a scroll of recharging
 F - a scroll of enchant armour
 R - 3 scrolls of blinking
 U - 2 scrolls of fear
Potions
 a - 3 potions of might
 d - 8 potions of curing
 e - a potion of cure mutation
 g - 4 potions of lignification
 i - 5 potions of magic
 k - 4 potions of mutation
 o - 12 potions of agility
 w - 7 potions of heal wounds
 x - a potion of cancellation
 A - a potion of berserk rage
 I - a potion of ambrosia
 M - 2 potions of brilliance
 O - 3 potions of invisibility
 X - 2 potions of haste
Books
 j - a book of Burglary

   Spells                             Type                      Level
   a - Swiftness                      Charms/Air                   2
   b - Passwall                       Transmutation/Earth          2
   c - Passage of Golubria            Translocation                4
   d - Lee's Rapid Deconstruction     Earth                        5
   e - Darkness                       Hexes                        6
   f - Invisibility                   Hexes                        6
 r - a book of Transfigurations

   Spells                             Type                      Level
   a - Irradiate                      Conjuration/Transmutation    5
   b - Statue Form                    Transmutation/Earth          6
   c - Hydra Form                     Transmutation                6
   d - Dragon Form                    Transmutation                7
 Y - a book of Changes

   Spells                             Type                      Level
   a - Beastly Appendage              Transmutation                1
   b - Sticks to Snakes               Transmutation                2
   c - Spider Form                    Transmutation/Poison         3
   d - Ice Form                       Ice/Transmutation            4
   e - Blade Hands                    Transmutation                5
Miscellaneous
 W - a lamp of fire
Comestibles
 b - 12 bread rations
 f - 11 meat rations
 u - 9 beef jerkies
 K - 16 royal jellies
 L - 4 chunks of flesh


   Skills:
 + Level 13.2 Fighting
 + Level 12.2 Dodging
 - Level 1.7 Stealth
   Level 6.8 Shields
 * Level 16.3 Unarmed Combat
 + Level 7.1 Spellcasting
 * Level 11.7 Transmutations
 + Level 15.1 Invocations
 + Level 5.0 Evocations


You had 24 spell levels left.
You knew the following spells:

 Your Spells              Type           Power        Failure   Level  Hunger
a - Beastly Appendage     Tmut           #####.       8%          1    None
b - Blade Hands           Tmut           #####.....   24%         5    #####..


Dungeon Overview and Level Annotations

Branches:
Dungeon (15/15)            Temple (1/1) D:7            Lair (6/6) D:11
  Swamp (2/4) Lair:4        Snake (3/4) Lair:3        Slime (0/5) Lair:6
    Orc (2/2) D:12            Elf (1/3) Orc:2        Vaults (0/5) D:14
 Depths (0/5) D:15

Altars:
Ashenzari
Cheibriados
Dithmenos
Elyvilon
Fedhas
Gozag
Hepliaklqana
Kikubaaqudgha
Makhleb
Nemelex Xobeh
Okawaru
Qazlal
Ru
Sif Muna
Trog
Uskayaw
Vehumet
Xom
Yredelemnul
Zin
The Shining One
Jiyva

Shops:
D:4 (   D:7 *   Orc:1 :   Orc:2 =[?}?   Snake:1 (   Snake:2 !   Snake:3 ((!%

Annotations:
D:8 markt42's ghost, novice GrFi
D:11 2 runed doors
Swamp:2 Kite's ghost, adept GrEE


Innate Abilities, Weirdness & Mutations

You have a pair of large horns on your head.
You are completely covered in yellow scales. (AC +4, rCorr)
A demonic guardian rushes to your aid.
You regenerate a little health from kills.
Your magical and physical power is slightly enhanced at high health.


Message History

Your sixfirhy hits Kite's ghost but does no damage.
Your sixfirhy hits Kite's ghost.
Your sixfirhy shocks Kite's ghost.
Kite's ghost resists.
Your sixfirhy hits Kite's ghost but does no damage.
Your sixfirhy barely misses Kite's ghost.
Your sixfirhy hits Kite's ghost.
Your sixfirhy shocks Kite's ghost.
Kite's ghost resists.
Your sixfirhy hits Kite's ghost.
Your sixfirhy shocks Kite's ghost.
Kite's ghost resists.
Kite's ghost points at you and mumbles some strange words.
The stone arrow misses you.
The battlesphere fires!
The barrage of energy hits you!
* * * LOW HITPOINT WARNING * * *
Your sixfirhy hits Kite's ghost but does no damage.
Your sixfirhy barely misses Kite's ghost.
Your sixfirhy hits Kite's ghost but does no damage. x2
There is a stone staircase leading up, spattered with blood here.
Kite's ghost shouts, "You must not succeed where I failed!"
Kite's ghost gestures at you while chanting.
The stone arrow hits you!
You die...

.≈≈≈≈..≈♣ ≈≈≈≈....♣
≈≈≈≈≈.≈.♣♣♣♣♣
≈≈.≈≈≈≈.≈.♣≈♣♣ ♣♣♣
...≈≈≈≈≈≈..≈≈♣♣♣≈♣♣
≈..≈≈≈≈≈≈.3.W...*.♣
≈.......≈..≈≈...3.♣
.§♣^...≈≈.♣≈≈≈....♣♣♣
♣♣♣♣♣≈♣♣♣♣♣.≈≈..@..≈♣♣♣
♣ ≈≈≈♣ ♣....)§.....♣♣
≈≈ ..$. ♣§♣♣♣♣.≈≈≈≈≈.≈♣
♣.. ≈≈.♣♣.≈ ♣≈..≈≈≈≈§♣
♣≈.. ≈.♣♣..
♣♣..≈≈≈.♣♣♣♣.≈≈≈ ♣♣
♣≈.≈≈≈.§♣♣≈>.≈≈≈
≈.♣.≈≈≈≈≈≈..≈..≈≈
≈.♣♣.≈≈≈≈≈.≈♣♣.≈≈
.♣♣≈.§≈≈≈≈..≈♣


You could see a battlesphere, Kite's ghost, a friendly soul eater and a friendly
sixfirhy.

Vanquished Creatures
  Rupert (Orc:2)
  A thorn hunter (Swamp:2)
  The ghost of Lluna the Imperceptible, an adept SpEn of Ashenzari (Snake:3)
  Kirke (Swamp:1)
  3 nagarajas (Snake:2)
  A ghost moth (shapeshifter) (Elf:1)
  Roxanne (D:15)
  Louise (D:14)
  An orc warlord (Orc:2)
  A stone giant (Orc:2)
  Nessos (D:15)
  Azrael (D:12)
  Snorg (Orc:1)
  A fire dragon (D:11)
  4 ogre magi (Orc:2)
  3 vault guards (D:14)
  5 naga warriors
  An ice dragon (Lair:6)
  A catoblepas (Lair:6)
  10 hydras
  3 centaur warriors
  7 anacondas
  3 alligators
  5 dancing weapons (Elf:1)
  9 shock serpents
  4 naga sharpshooters
  12 skeletal warriors (D:15)
  6 deep elf knights (Elf:1)
  3 salamander mystics (Snake:3)
  The ghost of Mungo the Destroyer, a novice TeWz of Sif Muna (D:10)
  4 naga ritualists
  A sea snake (shapeshifter) (D:15)
  4 sea snakes (Snake:2)
  A shambling mangrove (Swamp:1)
  2 deep elf archers
  A lindwurm (Lair:6)
  7 unseen horrors
  2 wizards (D:15)
  A swamp dragon (Swamp:2)
  7 hill giants
  16 deep elf magi
  9 mana vipers
  2 orc knights
  10 ugly things
  5 orc sorcerers
  3 cyclopes
  11 salamanders
  3 manticores
  8 naga magi
  3 guardian serpents
  Joseph (Lair:1)
  28 black mambas
  4 gargoyles
  4 torpor snails (Lair:6)
  13 spiny frogs
  2 rime drakes (Lair:6)
  A rime drake (shapeshifter) (Elf:1)
  A komodo dragon (shapeshifter) (D:15)
  9 komodo dragons
  A meliai (D:13)
  3 trolls
  8 hornets
  8 tyrant leeches
  8 polar bears
  13 two-headed ogres (Orc:2)
  14 blink frogs
  A raiju (Lair:6)
  Grinder (D:4)
  6 bog bodies (Swamp:1)
  7 dream sheep
  A meliai zombie (D:15)
  4 slime creatures
  11 hippogriffs
  A vampire (D:13)
  An air elemental (Elf:1)
  2 wraiths
  A human (shapeshifter) (D:14)
  A spriggan (Swamp:1)
  4 wyverns
  2 water elementals
  Grum (D:7)
  A fire elemental (D:12)
  28 yaks
  3 hogs (Swamp:1)
  2 steam dragons
  A basilisk (Lair:1)
  2 hungry ghosts
  Edmund (D:4)
  7 vampire mosquitoes
  5 swamp worms
  6 insubstantial wisps (Swamp:1)
  8 wargs
  22 nagas
  A soldier ant (D:13)
  15 water moccasins
  8 hell hounds
  11 porcupines
  6 swamp drakes
  7 sky beasts
  11 black bears
  A black bear (shapeshifter) (D:14)
  A sky beast (shapeshifter) (D:15)
  2 hornet zombies
  20 orc warriors
  6 ice beasts
  2 slaves (D:9)
  4 boggarts (D:15)
  An ogre (shapeshifter) (Elf:1)
  3 eyes of draining
  2 phantoms
  16 wolves
  34 ogres
  18 centaurs
  10 crocodiles
  14 bullfrogs
  2 big kobolds
  A gnoll sergeant (D:9)
  An earth elemental (Elf:1)
  A water moccasin zombie (D:10)
  3 scorpions
  4 killer bees
  13 wights
  4 electric eels
  5 crimson imps
  2 quasits
  2 bullfrog zombies
  8 centaur zombies
  A gnoll shaman (D:7)
  18 orc priests
  Crazy Yiuf (D:4)
  4 bullfrog skeletons
  5 centaur skeletons
  14 hounds
  5 jellies
  23 orc wizards
  2 iguanas
  15 worker ants
  A worker ant zombie (D:6)
  A howler monkey zombie (D:7)
  23 adders
  14 gnolls
  3 river rats (D:11)
  3 shadow imps
  An ooze (D:4)
  2 adder skeletons (D:4)
  6 worms
  2 dart slugs
  5 leopard geckos
  78 orcs
  20 bats
  11 giant cockroaches
  8 goblins
  8 hobgoblins
  16 jackals
  28 kobolds
  5 quokkas
  3 ball pythons
  5 frilled lizards
  A quokka skeleton (D:6)
  20 rats
  A fungus (D:1)
1033 creatures vanquished.

Vanquished Creatures (collateral kills)
  Agnes (D:14)
  A nagaraja (Snake:2)
  A stone giant (Elf:1)
  The ghost of Arnot the Severer, a journeyman MiFi of Okawaru (Lair:4)
  An ogre mage (Orc:2)
  4 hydras
  A rakshasa (D:12)
  A vault guard (D:14)
  A centaur warrior (D:11)
  An anaconda (Snake:1)
  A dancing weapon (Elf:1)
  A naga sharpshooter (Snake:3)
  3 skeletal warriors (D:15)
  A wolf spider zombie (D:15)
  Pikel (D:9)
  4 hill giants
  An orc knight (D:14)
  2 mana vipers
  2 ugly things
  3 salamanders
  A manticore (D:13)
  A cyclops (D:11)
  A black mamba (Snake:3)
  An ice statue (IceCv)
  A centaur zombie (D:15)
  A centaur skeleton (D:11)
  2 torpor snails (Lair:6)
  A spiny frog (Lair:2)
  2 polar bears (Lair:6)
  3 hornets
  2 trolls (D:9)
  6 two-headed ogres
  3 blink frogs
  A raiju (Lair:6)
  3 slime creatures (D:15)
  3 dream sheep
  A basilisk (Lair:3)
  7 yaks
  A vampire mosquito (D:13)
  2 wargs (Lair:6)
  4 nagas
  A soldier ant (D:9)
  A water moccasin (Lair:5)
  3 hell hounds
  2 porcupines
  3 black bears (Lair:6)
  A slave (D:9)
  9 ogres
  4 orc warriors
  A centaur (D:13)
  8 wolves
  A crocodile (Lair:4)
  A gnoll sergeant (D:8)
  A scorpion (D:11)
  5 hounds (Lair:6)
  6 orc wizards
  2 orc priests (D:12)
  An iguana (D:8)
  2 worker ants
  A mummy (D:15)
  3 gnolls (D:8)
  An adder (D:5)
  A shadow imp (D:9)
  A worm (D:9)
  13 orcs
  A quokka (D:4)
  A frilled lizard (D:4)
  A plant (Lair:6)
154 creatures vanquished.

Vanquished Creatures (others)
  A ghoul (D:15)
  An alligator (Swamp:1)
  An unseen horror (D:14)
  2 slime creatures (D:15)
  A slave (D:9)
  2 centaurs (D:14)
  An orc wizard (D:10)
  A mummy (D:15)
  An orc (D:15)
  10 fungi
  25 plants
  A withered plant (D:15)
47 creatures vanquished.

Grand Total: 1234 creatures vanquished

Notes
Turn   | Place    | Note
-------+----------+-------------------------------------------
     0 | D:1      | kae the Demonspawn Monk began the quest for the Orb.
     0 | D:1      | Reached XP level 1. HP: 18/18 MP: 1/1
   147 | D:1      | Reached skill level 3 in Unarmed Combat
   247 | D:1      | Gained mutation: You have a pair of small horns on your head. [demonic ancestry]
   247 | D:1      | Reached XP level 2. HP: 23/24 MP: 2/2
   498 | D:1      | Found a glowing golden altar of the Shining One.
   891 | D:2      | Gained mutation: You have a pair of horns on your head. [demonic ancestry]
   891 | D:2      | Reached XP level 3. HP: 23/29 MP: 3/3
  1348 | D:2      | Found a snail-covered altar of Cheibriados.
  1525 | D:3      | Gained mutation: A weak demonic guardian rushes to your aid. [demonic ancestry]
  1525 | D:3      | Reached XP level 4. HP: 37/37 MP: 4/4
  2209 | D:3      | Reached skill level 4 in Unarmed Combat
  2600 | D:4      | Reached XP level 5. HP: 40/42 MP: 5/5
  2690 | D:4      | Noticed a wyvern
  2697 | D:4      | Found Ohui's Antique Weapon Shoppe.
  2715 | D:4      | Killed a wyvern
  2715 | D:4      | Gained mutation: You are partially covered in yellow scales. (AC +2) [demonic ancestry]
  2715 | D:4      | Reached XP level 6. HP: 22/49 MP: 6/6
  2941 | D:4      | Noticed Grinder
  2942 | D:4      | Paralysed by Grinder for 5 turns
  2953 | D:4      | Paralysed by Grinder for 7 turns
  2967 | D:4      | Killed Grinder
  2967 | D:4      | Reached skill level 1 in Shields
  2967 | D:4      | Reached skill level 5 in Unarmed Combat
  2967 | D:4      | Reached XP level 7. HP: 16/55 MP: 7/7
  3194 | D:4      | Noticed Edmund
  3235 | D:4      | Killed Edmund
  3235 | D:4      | Reached skill level 5 in Fighting
  3941 | D:4      | Found a runed door.
  3991 | D:4      | Noticed a moth of wrath
  3993 | D:4      | Found a bloodstained altar of Trog.
  4131 | D:4      | Noticed Crazy Yiuf
  4135 | D:4      | Killed Crazy Yiuf
  4283 | D:5      | Entered Level 5 of the Dungeon
  4357 | D:5      | Reached skill level 6 in Unarmed Combat
  4406 | D:5      | Gained mutation: You have a pair of large horns on your head. [demonic ancestry]
  4406 | D:5      | Reached XP level 8. HP: 44/63 MP: 8/8
  4579 | D:5      | Reached skill level 5 in Dodging
  4593 | D:5      | Found a shattered altar of Ashenzari.
  5143 | D:6      | Found a sacrificial altar of Ru.
  5393 | D:6      | Reached skill level 7 in Unarmed Combat
  6001 | D:7      | Found an ancient bone altar of Kikubaaqudgha.
  6373 | D:7      | Found a staircase to the Ecumenical Temple.
  6425 | Temple   | Entered the Ecumenical Temple
  6519 | Temple   | Became a worshipper of Warmaster Okawaru
  6519 | Temple   | Reached * piety under Okawaru
  6519 | Temple   | Reached ** piety under Okawaru
  6579 | D:7      | Found Naofisu's Assorted Antiques.
  6591 | D:7      | Gained mutation: A demonic guardian rushes to your aid. [demonic ancestry]
  6591 | D:7      | Reached XP level 9. HP: 53/69 MP: 9/9
  6594 | D:7      | Bought a scroll of identify for 64 gold pieces
  6594 | D:7      | Bought a scroll of identify for 64 gold pieces
  6594 | D:7      | Bought a metallic inky potion for 28 gold pieces
  7361 | D:8      | Noticed Grum
  7374 | D:7      | Reached skill level 1 in Invocations
  7375 | D:7      | Reached *** piety under Okawaru
  7375 | D:7      | Reached skill level 8 in Unarmed Combat
  7405 | D:7      | Killed Grum
  7484 | D:8      | Noticed markt42's ghost (novice GrFi)
  7917 | D:8      | Found a hide-covered altar of Uskayaw.
  8160 | D:9      | Reached **** piety under Okawaru
  8168 | D:9      | Noticed a troll
  8173 | D:9      | Killed a troll
  8345 | D:9      | Reached ***** piety under Okawaru
  8371 | D:9      | Noticed a troll
  8380 | D:9      | Reached skill level 9 in Unarmed Combat
  8380 | D:9      | Reached XP level 10. HP: 71/79 MP: 11/13
  8476 | D:9      | Received a gift from Okawaru
  8491 | D:9      | Reached skill level 5 in Shields
  8793 | D:9      | Noticed Pikel
  8807 | D:9      | Killed Pikel
  9434 | D:10     | Entered Level 10 of the Dungeon
  9562 | D:10     | Noticed a hill giant
  9576 | D:10     | Killed a hill giant
  9702 | D:10     | Reached skill level 5 in Invocations
 10477 | D:10     | Noticed Mungo's ghost (novice TeWz)
 10485 | D:10     | Killed Mungo's ghost
 11005 | D:10     | Noticed a hill giant
 11023 | D:10     | Killed a hill giant
 11023 | D:10     | Received a gift from Okawaru
 11027 | D:10     | Reached skill level 10 in Unarmed Combat
 11031 | D:10     | Got a slimy scale mail {god gift}
 11106 | D:10     | Identified the +1 scale mail of the Dungeon {rN+ MR+} (Okawaru gifted it to you on level 10 of the Dungeon)
 11508 | D:11     | Noticed a hill giant
 11516 | D:11     | Killed a hill giant
 11516 | D:11     | Reached XP level 11. HP: 80/86 MP: 12/15
 11565 | D:11     | Noticed a centaur warrior
 11576 | D:11     | Killed a centaur warrior
 12067 | D:11     | Found a large runed door.
 12067 | D:11     | Found a large runed door.
 12076 | D:11     | Noticed a red ugly thing
 12084 | D:11     | Killed a red ugly thing
 12145 | D:11     | Found a large runed door.
 12145 | D:11     | Found a large runed door.
 12495 | D:11     | Reached ****** piety under Okawaru
 12682 | D:11     | Noticed a hill giant
 12684 | D:11     | Killed a hill giant
 12797 | D:11     | Noticed a hill giant
 12807 | D:11     | Killed a hill giant
 13061 | D:11     | Reached skill level 11 in Unarmed Combat
 13164 | D:11     | Found a staircase to the Lair.
 13717 | D:11     | Noticed a fire dragon
 13727 | D:11     | Killed a fire dragon
 13727 | D:11     | Received a gift from Okawaru
 13840 | D:11     | Noticed a hill giant
 13858 | D:11     | Killed a hill giant
 13907 | Lair:1   | Entered Level 1 of the Lair of Beasts
 13917 | Lair:1   | Noticed Joseph
 13925 | Lair:1   | Gained mutation: You are mostly covered in yellow scales. (AC +3) [demonic ancestry]
 13925 | Lair:1   | Reached XP level 12. HP: 89/95 MP: 18/18
 13930 | Lair:1   | Killed Joseph
 13930 | Lair:1   | Received a gift from Okawaru
 14881 | Lair:2   | Noticed an eight-headed hydra
 14887 | Lair:2   | Killed an eight-headed hydra
 15008 | Lair:2   | Noticed a five-headed hydra
 15013 | Lair:2   | Killed a five-headed hydra
 15055 | Lair:2   | Noticed a five-headed hydra
 15065 | Lair:2   | Killed a five-headed hydra
 15065 | Lair:2   | Received a gift from Okawaru
 15842 | Lair:2   | Reached skill level 12 in Unarmed Combat
 16195 | Lair:3   | Found a frozen archway.
 16254 | IceCv    | Entered an ice cave
 16321 | IceCv    | Got a heavily runed lead ring
 16323 | IceCv    | Identified the ring "Ideprihy" {+Blink rC- Dex+5 SInv Stlth+} (You found it in an ice cave)
 16853 | Lair:3   | Found a staircase to the Snake Pit.
 17281 | Lair:1   | Learned a level 1 spell: Beastly Appendage
 17339 | Lair:4   | Found a staircase to the Swamp.
 17408 | Lair:4   | Reached skill level 10 in Fighting
 17480 | Lair:4   | Reached skill level 1 in Transmutations
 17619 | Lair:4   | Noticed Arnot's ghost (journeyman MiFi)
 17712 | Lair:4   | Killed Arnot's ghost
 17712 | Lair:4   | Received a gift from Okawaru
 18043 | Lair:4   | Reached skill level 10 in Invocations
 18378 | Lair:4   | Gained mutation: You are completely covered in yellow scales. (AC +4, rCorr) [demonic ancestry]
 18378 | Lair:4   | Reached XP level 13. HP: 103/103 MP: 20/20
 19719 | Lair:6   | Entered Level 6 of the Lair of Beasts
 20174 | Lair:6   | Reached skill level 13 in Unarmed Combat
 20393 | Lair:6   | Found a viscous altar of Jiyva.
 20393 | Lair:6   | Found a staircase to the Slime Pits.
 21045 | Lair:6   | Reached skill level 5 in Transmutations
 21052 | Lair:6   | Received a gift from Okawaru
 21227 | Lair:6   | Got a crude ivory ring
 21405 | Lair:6   | Paralysed by a hornet for 3 turns
 21443 | Lair:6   | Paralysed by a hornet for 2 turns
 21910 | Lair:6   | Found a runed door.
 21946 | Lair:6   | Received a gift from Okawaru
 22068 | Lair:6   | Reached skill level 10 in Dodging
 22068 | Lair:6   | Gained mutation: You regenerate a little health from kills. [demonic ancestry]
 22068 | Lair:6   | Reached XP level 14. HP: 79/111 MP: 19/22
 23015 | D:12     | Found a staircase to the Orcish Mines.
 23380 | D:12     | Noticed Azrael
 23399 | D:12     | Killed Azrael
 23683 | D:12     | Reached skill level 14 in Unarmed Combat
 24146 | D:13     | Identified the ring "Ridgh" {Str+4 Int+2} (You found it on level 6 of the Lair of Beasts)
 24243 | D:13     | Reached skill level 1 in Spellcasting
 24451 | D:13     | Received a gift from Okawaru
 24924 | Orc:1    | Entered Level 1 of the Orcish Mines
 25044 | Orc:2    | Entered Level 2 of the Orcish Mines
 25183 | Orc:2    | Received a gift from Okawaru
 25239 | Orc:2    | Noticed Rupert
 25261 | Orc:2    | Killed Rupert
 25261 | Orc:2    | Reached XP level 15. HP: 40/119 MP: 5/24
 25595 | Orc:2    | Found Otielecu's Gadget Emporium.
 25595 | Orc:2    | Found Qoyc's Armour Boutique.
 25596 | Orc:2    | Found Zijukkih's Magic Scroll Boutique.
 25596 | Orc:2    | Found Tanaas's Jewellery Shoppe.
 25630 | Orc:2    | Found Naanto's Magic Scroll Boutique.
 25673 | Orc:2    | Found a staircase to the Elven Halls.
 25881 | Orc:2    | Noticed an orc warlord
 25903 | Orc:2    | Killed an orc warlord
 26218 | Orc:2    | Received a gift from Okawaru
 26256 | Orc:2    | Bought the amulet "Vaduate" {Reflect rC+ MR- Dex+6 SH+6} for 711 gold pieces
 26352 | Orc:1    | Found Gofeoddo's Book Shoppe.
 26508 | Orc:1    | Noticed Snorg
 26522 | Orc:1    | Killed Snorg
 26677 | D:14     | Noticed Louise
 26689 | D:14     | Killed Louise
 26931 | D:14     | Found a blossoming altar of Fedhas.
 28168 | D:14     | Noticed Agnes
 28562 | D:14     | Found a gate to the Vaults.
 28598 | D:14     | Killed Agnes
 28864 | D:15     | Entered Level 15 of the Dungeon
 29333 | D:15     | Received a gift from Okawaru
 30620 | D:15     | Reached skill level 15 in Unarmed Combat
 30621 | D:15     | Noticed Nessos
 30648 | D:14     | HP: 6/121 [poisoned by Nessos]
 30653 | D:14     | HP: 4/121 [poisoned by Nessos]
 30658 | D:14     | HP: 2/121 [poisoned by Nessos]
 30663 | D:14     | HP: 2/121 [poisoned by Nessos]
 30671 | D:14     | HP: 2/121 [poisoned by Nessos]
 30679 | D:14     | HP: 3/121 [poisoned by Nessos]
 31092 | D:15     | Killed Nessos
 31258 | D:15     | Received a gift from Okawaru
 31745 | D:15     | Gained mutation: Your magical and physical power is slightly enhanced at high health. [demonic ancestry]
 31745 | D:15     | Reached XP level 16. HP: 114/127 MP: 26/26
 31784 | D:15     | Noticed Roxanne
 32160 | D:15     | Found a staircase to the Depths.
 32240 | D:15     | Killed Roxanne
 32576 | Lair:1   | Learned a level 5 spell: Blade Hands
 32664 | Elf:1    | Entered Level 1 of the Elven Halls
 33149 | Elf:1    | Reached skill level 10 in Transmutations
 33183 | Elf:1    | Received a gift from Okawaru
 33406 | Elf:1    | Reached skill level 5 in Spellcasting
 33632 | Elf:1    | Reached skill level 1 in Evocations
 33664 | Elf:1    | Was placed under penance by Okawaru
 35080 | Elf:1    | Was forgiven by Okawaru
 35434 | Elf:1    | Received a gift from Okawaru
 35444 | Elf:1    | Got a scorched cloak {god gift}
 35455 | Elf:1    | Identified the +0 cloak of Undesirable Species {+Fly rF++ rC+ Dex-4} (Okawaru gifted it to you on level 1 of the Elven Halls)
 35602 | Orc:2    | Bought the cursed +1 leather armour "Tofellu" {+Fly rPois MR- Int+5} for 330 gold pieces
 35756 | Snake:1  | Entered Level 1 of the Snake Pit
 36792 | Snake:1  | Found Xioj's Weapon Shoppe.
 37677 | Snake:2  | Reached XP level 17. HP: 130/135 MP: 27/27
 37873 | Snake:2  | HP: 5/135 [shock serpent/electric aura (2)]
 38727 | Snake:2  | Found Enulic's Distillery.
 38731 | Snake:2  | Bought a potion of agility for 76 gold pieces
 38731 | Snake:2  | Bought a potion of agility for 76 gold pieces
 39460 | Snake:2  | Received a gift from Okawaru
 40505 | Snake:3  | Found a sparkling altar of Nemelex Xobeh.
 41047 | Snake:3  | Reached skill level 16 in Unarmed Combat
 41097 | Snake:3  | Found Ditumpi's Weapon Boutique.
 41098 | Snake:3  | Found Bemoskec's Distillery.
 41098 | Snake:3  | Found Kasirphi's Weapon Boutique.
 41103 | Snake:3  | Found Fysir's Food Shop.
 41114 | Snake:3  | Bought 2 potions of heal wounds for 140 gold pieces
 41114 | Snake:3  | Bought a potion of heal wounds for 70 gold pieces
 41114 | Snake:3  | Bought a potion of agility for 56 gold pieces
 41114 | Snake:3  | Bought a potion of agility for 56 gold pieces
 41114 | Snake:3  | Bought a potion of agility for 56 gold pieces
 41114 | Snake:3  | Bought 2 potions of agility for 112 gold pieces
 41125 | Snake:3  | Noticed Lluna's ghost (adept SpEn)
 41305 | Snake:3  | Killed Lluna's ghost
 42508 | Swamp:1  | Entered Level 1 of the Swamp
 43092 | Swamp:1  | Reached skill level 15 in Invocations
 43514 | Swamp:1  | Got a crude scale mail
 43516 | Swamp:1  | Identified the cursed +0 scale mail of the Fiddle {Int+3} (You found it on level 1 of the Swamp)
 43718 | Swamp:2  | Noticed Kirke
 43740 | Swamp:1  | Killed Kirke
 43825 | Swamp:2  | Reached skill level 5 in Evocations
 43951 | Swamp:2  | Identified a scroll of acquirement
 43952 | Swamp:2  | Got a pair of pitted gloves
 43953 | Swamp:2  | Identified the +0 pair of gloves of New Discoveries {+Blink} (You acquired it on level 2 of the Swamp)
 44104 | Swamp:2  | Noticed Kite's ghost (adept GrEE)
 44121 | Swamp:2  | Killed from afar by Kite's ghost

Skill      XL: |  1  2  3  4  5  6  7  8  9 10 11 12 13 14 15 16 17 |
---------------+----------------------------------------------------+-----
Unarmed Combat | 3 4 5 6 7 9 10 11 12 13 14 15 16 | 16.3
Dodging        | 3 4 5 6 7 8 9 10 11 12 | 12.2
Fighting       | 4 5 6 7 8 9 10 11 12 13 | 13.2
Shields        | 1 2 3 4 5 6 |  6.8
Invocations    | 4 6 8 10 11 12 13 14 15 | 15.1
Transmutations | 2 5 8 9 10 11 | 11.7
Spellcasting   | 2 4 6 7 |  7.1
Evocations     | 3 5 |  5.0
Stealth        | |  1.7

Action                   |  1- 3 |  4- 6 |  7- 9 | 10-12 | 13-15 | 16-18 || total
-------------------------+-------+-------+-------+-------+-------+-------++-------
Melee: Unarmed           |    13 |       |    53 |   857 |  1816 |   979 ||  3718
       Dagger            |   107 |   145 |   473 |       |       |       ||   725
       Headbutt          |    22 |    22 |   109 |   211 |   594 |   347 ||  1305
       Punch             |       |       |       |    27 |   194 |   141 ||   362
 Cast: Blade Hands       |       |       |       |       |       |    25 ||    25
Invok: Heroism           |       |       |       |    18 |    33 |     6 ||    57
       Finesse           |       |       |       |       |     2 |       ||     2
 Abil: Evoke Blink       |       |       |       |       |       |     1 ||     1
  Use: Scroll            |     7 |     1 |    13 |     5 |     6 |    17 ||    49
       Potion            |       |       |       |     1 |     3 |     4 ||     8
 Stab: Sleeping          |     4 |     7 |     6 |     2 |    11 |    15 ||    45
       Distracted        |       |       |       |     7 |    22 |     7 ||    36
       Confused          |       |       |       |       |       |     1 ||     1
  Eat: Chunk             |     2 |     5 |    16 |    30 |    33 |    26 ||   112
       Pizza             |       |       |     1 |       |     2 |       ||     3
       Fruit             |       |       |       |     3 |       |     1 ||     4
       Royal jelly       |       |       |       |       |     3 |     4 ||     7
       Beef jerky        |       |       |       |       |     2 |     2 ||     4
       Meat ration       |       |       |       |       |       |     1 ||     1
       Bread ration      |       |       |       |       |       |     1 ||     1
Armor: Robe              |    11 |    41 |   130 |    26 |       |       ||   208
       Scale mail        |       |       |       |   178 |   464 |    60 ||   702
       Leather armour    |       |       |       |       |       |   119 ||   119
Dodge: Dodged            |    58 |    64 |   366 |   506 |  1445 |   775 ||  3214
Block: Shield            |    20 |    33 |       |       |       |       ||    53
       Reflection        |     3 |       |       |       |    19 |    19 ||    41
       Buckler           |       |     2 |   118 |   167 |       |       ||   287
       Other             |       |       |       |       |   118 |   225 ||   343
